 Dungeon Crawl Stone Soup version 0.20.0-8-g6b59dc7 (webtiles) character file.

785 Darkell the Slasher (level 7, 0/36 HPs)
             Began as a Tengu Gladiator on May 31, 2017.
             Slain by a sky beast (6 damage)
             ... on level 5 of the Dungeon.
             The game lasted 00:08:24 (7076 turns).

Darkell the Slasher (Tengu Gladiator)               Turns: 7076, Time: 00:08:26

Health: 0/36       AC:  3    Str: 18    XL:     7   Next: 86%
Magic:  8/8        EV: 14    Int:  9    God:
Gold:   304        SH:  0    Dex: 15    Spells: 5/6 levels left

rFire    . . .     SeeInvis .   a - +0 long sword
rCold    . . .     Gourm    .   (no shield)
rNeg     + . .     Faith    .   x - +0 leather armour
rPois    .         Spirit   .   c - +0 hat
rElec    .         Reflect  .   (no cloak)
rCorr    .         Harm     .   (no gloves)
MR       .....                  (boots unavailable)
Stlth    ++........             v - amulet of magic regeneration
Regen    0.2/turn               i - ring of positive energy
MPRegen  0.2/turn               (no ring)

@: no status effects
A: beak, talons 3, frail 1, strong 1, able to fly 1
a: Fly


You were on level 5 of the Dungeon.
You were very hungry.

You visited 2 branches of the dungeon, and saw 6 of its levels.

You collected 304 gold pieces.

Inventory:

Hand Weapons
 a - a +0 long sword (weapon)
 b - a +0 blowgun
Missiles
 d - 3 throwing nets (quivered)
 y - 12 curare-tipped needles
 z - 43 poisoned needles
Armour
 c - a +0 hat (worn)
 x - a +0 leather armour (worn)
Jewellery
 i - a ring of positive energy (left hand)
 v - an amulet of magic regeneration (around neck)
Wands
 m - a wand of confusion (33/48)
 B - a wand of flame (19/48)
Scrolls
 e - 2 scrolls of noise {unknown}
 g - 4 scrolls of fog {unknown}
 h - 4 scrolls of identify {unknown}
 j - 2 scrolls of teleportation
 k - a scroll of amnesia
 l - a scroll of remove curse
 p - a scroll of fear {unknown}
 r - a scroll of immolation {unknown}
 w - 2 scrolls of enchant weapon {unknown}
 A - a scroll of recharging {unknown}
Potions
 o - a potion of lignification
Books
 q - Sif Muna's Reference Book on Augmentations
   (You found it on level 4 of the Dungeon)

   Spells                             Type                      Level
   a - Infusion                       Charms                       1
Comestibles
 f - 5 bread rations
 n - a royal jelly
 t - 2 meat rations


   Skills:
 + Level 3.6 Fighting
 + Level 6.9 Long Blades
 + Level 2.2 Throwing
 + Level 3.3 Armour
 + Level 4.7 Dodging
 + Level 2.1 Stealth
 * Level 1.2 Charms


You had 5 spell levels left.
You knew the following spells:

 Your Spells              Type           Power        Failure   Level  Hunger
a - Infusion              Chrm           #...         30%         1    ##.....


Dungeon Overview and Level Annotations

Branches:
Dungeon (5/15)             Temple (1/1) D:5

Altars:
Cheibriados
Dithmenos
Elyvilon
Fedhas
Gozag
Hepliaklqana
Kikubaaqudgha
Makhleb
Ru
Sif Muna
Trog
Uskayaw
Vehumet
Xom
Yredelemnul
Zin
The Shining One
Lugonu

Annotations:
D:4 Darkell's ghost, amateur TeGl


Innate Abilities, Weirdness & Mutations

You have a beak for a mouth.
You have claws for feet.
You can fly.
You are frail. (-10% HP)
Your muscles are strong. (Str +2)


Message History

The sky beast is moderately wounded.
The sky beast barely misses you.
You riposte.
You hit the sky beast. Your kick misses the sky beast.
The sky beast is moderately wounded.
You hit the sky beast. Your kick misses the sky beast.
The sky beast is heavily wounded.
The sky beast flickers out of sight!
Deactivating autopickup; reactivate with Ctrl-A.
Something hits you. Something shocks you.
No target in view!
No target in view!
You closely miss something. Your kick misses something.
Your peck misses something. Something hits you. Something shocks you.
You closely miss something. You claw something. You peck something.
Something hits you. Something shocks you.
* * * LOW HITPOINT WARNING * * *
Something hits you.
* * * LOW HITPOINT WARNING * * *
Something shocks you.
You die...

## ##..# ##.... .# ##..# ##.....
.. ####...# #...... #......#
##..#### #####..# #..## # ####
#.## #.# ########## #.# #
#....{@..## ##.# ## ##.######..#
##..# ##. ######..# ##.####..##
##.. #.......## ##..##..## #..#
##........## ##......## ##.## #
#..#...#...###......## ###..#
####.##..####...........###...##
.##..##..# #..............####
....##..## ##..........#####


There were no monsters in sight!

Vanquished Creatures
  A sky beast (D:4)
  A phantom (D:5)
  An ogre (D:4)
  A centaur (D:5)
  A scorpion (D:4)
  A bullfrog zombie (D:5)
  An iguana (D:4)
  Natasha (D:4)
  3 worker ants
  13 adders
  A shadow imp (D:5)
  3 oozes
  2 worms
  A dart slug (D:4)
  4 leopard geckos
  3 orcs
  10 bats
  3 giant cockroaches
  11 hobgoblins
  8 jackals
  8 kobolds
  2 quokkas (D:3)
  4 frilled lizards
  8 goblins
  A jackal skeleton (D:4)
  A leopard gecko skeleton (D:4)
  10 rats
104 creatures vanquished.

Notes
Turn   | Place    | Note
-------+----------+-------------------------------------------
     0 | D:1      | Darkell the Tengu Gladiator began the quest for the Orb.
     0 | D:1      | Reached XP level 1. HP: 12/12 MP: 2/2
   124 | D:1      | Reached XP level 2. HP: 8/17 MP: 3/3
  1113 | D:2      | Reached skill level 4 in Long Blades
  1122 | D:2      | Reached XP level 3. HP: 20/22 MP: 4/4
  1769 | D:2      | Reached XP level 4. HP: 27/27 MP: 5/5
  1853 | D:2      | Found a sacrificial altar of Ru.
  2009 | D:2      | Reached skill level 1 in Armour
  2262 | D:3      | Found a blossoming altar of Fedhas.
  2998 | D:3      | Gained mutation: You can fly. [Tengu growth]
  2998 | D:3      | Reached XP level 5. HP: 30/31 MP: 6/6
  3150 | D:3      | HP: 2/46 [poisoned by an adder]
  3202 | D:3      | Reached skill level 5 in Long Blades
  3843 | D:4      | Found a hide-covered altar of Uskayaw.
  3846 | D:4      | Noticed an ogre
  3852 | D:4      | Killed an ogre
  3852 | D:4      | Reached XP level 6. HP: 37/37 MP: 7/7
  3918 | D:4      | Noticed Darkell's ghost (amateur TeGl)
  4130 | D:4      | Found a snail-covered altar of Cheibriados.
  4132 | D:4      | Found a glowing silver altar of Zin.
  4133 | D:4      | Found a hazy altar of Hepliaklqana.
  4375 | D:4      | Noticed a sky beast
  4377 | D:4      | Found an ancient bone altar of Kikubaaqudgha.
  4400 | D:4      | Killed a sky beast
  4400 | D:4      | Reached skill level 6 in Long Blades
  4400 | D:4      | Reached skill level 1 in Stealth
  4419 | D:4      | Found a deep blue altar of Sif Muna.
  4421 | D:4      | Found a radiant altar of Vehumet.
  4427 | D:4      | Identified Sif Muna's Reference Book on Augmentations
  4431 | D:4      | Learned a level 1 spell: Infusion
  4486 | D:4      | Noticed Natasha
  4497 | D:4      | Killed Natasha
  4675 | D:4      | Gained mutation: You are frail. (-10% HP) [potion of mutation]
  4675 | D:4      | Gained mutation: Your muscles are strong. (Str +2) [potion of mutation]
  4677 | D:4      | Reached XP level 7. HP: 20/36 MP: 8/8
  4714 | D:4      | HP: 1/36 [poisoned by a scorpion]
  4760 | D:5      | Entered Level 5 of the Dungeon
  5318 | D:5      | Found a staircase to the Ecumenical Temple.
  5324 | Temple   | Entered the Ecumenical Temple
  6068 | D:5      | Reached skill level 1 in Charms
  7076 | D:5      | Slain by a sky beast

Skill      XL: |  1  2  3  4  5  6  7 |
---------------+----------------------+-----
Long Blades    | 4 5 6 |  6.9
Armour         | 1 2 3 |  3.3
Dodging        | 4 |  4.7
Fighting       | 3 |  3.6
Stealth        | 1 2 |  2.1
Charms         | 1 |  1.2
Throwing       | |  2.2

Action                   |  1- 3 |  4- 6 |  7- 9 || total
-------------------------+-------+-------+-------++-------
Melee: Long sword        |    64 |   151 |    88 ||   303
       Peck              |    12 |    22 |    25 ||    59
       Kick              |    14 |    42 |    33 ||    89
 Fire: Blowgun           |       |     3 |       ||     3
  Use: Potion            |       |     8 |       ||     8
       Scroll            |       |     3 |     1 ||     4
 Stab: Invisible         |       |     2 |       ||     2
       Sleeping          |       |       |     1 ||     1
  Eat: Chunk             |     2 |     9 |     5 ||    16
       Fruit             |       |       |     3 ||     3
Armor: Leather armour    |     9 |    24 |     9 ||    42
       Skin              |       |     9 |       ||     9
Dodge: Dodged            |    60 |   110 |    54 ||   224
       Rpst.: Long sword |    21 |    32 |    20 ||    73
